 Dungeon Crawl Stone Soup version 0.23-a0-643-g9ccc95a (webtiles) character file.

383 Lanoc the Ruffian (level 6, -1/61 HPs)
             Began as a Troll Monk on Jan 1, 2019.
             Killed from afar by Dowan (4 damage)
             ... with a stone arrow
             ... while paralysed
             ... on level 4 of the Dungeon.
             The game lasted 00:03:50 (1883 turns).

Lanoc the Ruffian (Troll Monk)                      Turns: 1883, Time: 00:03:51

Health: -1/61      AC:  5    Str: 22    XL:     6   Next: 47%
Magic:  5/5        EV:  1    Int:  6    God:
Gold:   235        SH:  0    Dex: 12    Spells: 5/5 levels left

rFire    . . .     SeeInvis .     - Unarmed
rCold    . . .     Gourm    +   (no shield)
rNeg     . . .     Faith    .   a - +0 robe
rPois    .         Spirit   .   (helmet restricted)
rElec    .         Reflect  .   (no cloak)
rCorr    .         Harm     .   (gloves unavailable)
MR       .....                  (boots unavailable)
Stlth    ++........             (no amulet)
HPRegen  0.60/turn              p - +2 ring of evasion
MPRegen  0.09/turn              (no ring)

@: paralysed, berserk cooldown, slowed
A: large, unfitting armour, claws 3, fast metabolism 3, gourmand, regeneration
1, shaggy fur 1, tough skin 2
a: no special abilities


You were on level 4 of the Dungeon.
You were very full.

You visited 1 branch of the dungeon, and saw 4 of its levels.

You collected 235 gold pieces.

Inventory:

Missiles
 e - 6 needles of sleeping
Armour
 a - a +0 robe (worn)
Jewellery
 j - an uncursed ring of ice
 p - a +2 ring of evasion (left claw)
Scrolls
 c - a scroll of random uselessness {unknown}
 f - a scroll of remove curse
 g - 2 scrolls of amnesia {unknown}
Potions
 d - a potion of mutation {unknown}
 k - a potion of magic
 l - 3 potions of curing
 n - a potion of invisibility {unknown}
Comestibles
 b - 8 rations


   Skills:
 + Level 3.3 Fighting
 + Level 2.1 Throwing
 + Level 1.8 Armour
 + Level 3.2 Dodging
 - Level 1.0 Stealth
 * Level 5.0 Unarmed Combat


You had 5 spell levels left.
You didn't know any spells.
Your spell library was empty.

Dungeon Overview and Level Annotations

Branches:
Dungeon (4/15)
 Temple: D:4-7

Altars:
The Shining One

Annotations:
D:4 Dowan


Innate Abilities, Weirdness & Mutations

You are too large for most types of armour.
You have claws for hands.
Your metabolism is lightning-fast.
You like to eat raw meat.
Your natural rate of healing is unusually fast.
You are covered in fur. (AC +1)
You have very tough skin. (AC +2)


Message History

Dowan barely misses you.
You mangle Duvessa!!
You kill Duvessa!
Dowan seems overcome with grief, but rights himself reflexively soon after.
Dowan seems to find hidden reserves of power!
Your Throwing skill increases to level 2!
Your Unarmed Combat skill increases to level 5!
Dowan hits you with a +0 dagger.
* * * LOW HITPOINT WARNING * * *
You mangle Dowan!!
Dowan is almost dead.
Dowan gestures wildly while chanting.
Dowan blinks!
You feel a strong urge to attack something.
You are no longer berserk.
You pass out from exhaustion.
You feel yourself slow down. Dowan casts a spell at you.
Helpless, you fail to dodge the stone arrow.
You die...

.. ....
....#+##########
#.............#
#..........@..#
#..(...(......#
#.............#
#.........(()e#
#......#####..).....e
#......# #.........
#..^...# #.........
## #...>..#
#......... .#
#......# #.........


You could see Dowan.

Vanquished Creatures
  Duvessa (D:4)
  A centaur (D:4)
  A worker ant (D:4)
  An iguana (D:4)
  Robin (D:2)
  4 adders
  2 oozes
  A worm (D:3)
  A dart slug (D:2)
  10 orcs
  A ball python (D:3)
  4 giant cockroaches
  13 goblins
  9 hobgoblins
  4 jackals (D:2)
  7 kobolds
  11 bats
  4 frilled lizards
  A leopard gecko skeleton (D:4)
  5 rats
82 creatures vanquished.

Notes
Turn   | Place    | Note
-------+----------+-------------------------------------------
     0 | D:1      | Lanoc the Troll Monk began the quest for the Orb.
     0 | D:1      | Reached XP level 1. HP: 22/22 MP: 0/0
   117 | D:1      | Reached XP level 2. HP: 25/29 MP: 1/1
   745 | D:2      | Noticed Robin
   765 | D:2      | Reached XP level 3. HP: 27/36 MP: 2/2
   780 | D:2      | Killed Robin
   895 | D:2      | Reached skill level 1 in Throwing
   959 | D:2      | Reached XP level 4. HP: 42/44 MP: 3/3
   965 | D:2      | Reached skill level 1 in Armour
  1203 | D:3      | Found a glowing golden altar of the Shining One.
  1352 | D:3      | Reached skill level 4 in Unarmed Combat
  1688 | D:3      | Reached XP level 5. HP: 52/53 MP: 4/4
  1849 | D:4      | Noticed a centaur
  1854 | D:4      | Noticed Duvessa
  1855 | D:4      | Noticed Dowan
  1862 | D:4      | Killed a centaur
  1873 | D:4      | Reached XP level 6. HP: 13/61 MP: 5/5
  1878 | D:4      | Killed Duvessa
  1878 | D:4      | Reached skill level 5 in Unarmed Combat
  1878 | D:4      | HP: 1/91 [Dowan/+0 dagger (5)]
  1883 | D:4      | Killed from afar by Dowan

Vault maps used:
D:1:      evilmike_arrival_hilbert_curve, kennysheep_another_room
D:2:      uniq_robin
D:3:      lemuel_round_altar
D:4:      first_ration, uniq_duvessa

Skill      XL: |  1  2  3  4  5  6 |
---------------+-------------------+-----
Throwing       | 1 2 |  2.1
Armour         | 1 |  1.8
Unarmed Combat | 4 5 |  5.0
Fighting       | 3 |  3.3
Dodging        | 3 |  3.2
Stealth        | |  1.0

Action                   |  1- 3 |  4- 6 || total
-------------------------+-------+-------++-------
Melee: Unarmed           |   102 |   111 ||   213
       Punch             |       |     3 ||     3
  Use: Scroll            |       |     6 ||     6
       Potion            |       |     1 ||     1
 Stab: Sleeping          |     2 |     1 ||     3
  Eat: Chunk             |    12 |    10 ||    22
Armor: Robe              |    34 |    35 ||    69
Dodge: Dodged            |    54 |    44 ||    98

Table legend:
 A = Non-vault XP
 B = Vault XP
 C = Vault XP percentage of total XP
 D = Non-vault monster count
 E = Vault monster count
 F = Vault count percentage of total count
                 A         B        C        D         E       F
            +---------+---------+-------+---------+---------+-------
      Total |     366 |     182 |  33.2 |      70 |      12 |  14.6
            +---------+---------+-------+---------+---------+-------
        D:1 |      32 |       0 |   0.0 |      18 |       0 |   0.0
        D:2 |      63 |      35 |  35.7 |      26 |      11 |  29.7
        D:3 |      69 |       0 |   0.0 |      19 |       0 |   0.0
        D:4 |     202 |     147 |  42.1 |       7 |       1 |  12.5
            +---------+---------+-------+---------+---------+-------
